 Dungeon Crawl Stone Soup version 0.32-a0-834-geaf45d8e21 (webtiles) character file.

Game seed: 11195139070195149563

318 jasper the Digger (level 6, 0/32 HPs)
             Began as a Deep Elf Earth Elementalist on Mar 25, 2024.
             Was an Initiate of Vehumet.
             Killed by divine providence
             ... invoked by an orc priest
              (14 damage)
             ... on level 4 of the Dungeon.
             The game lasted 00:04:15 (2558 turns).

jasper the Digger (Deep Elf Earth Elementalist)     Turns: 2558, Time: 00:04:15

Health: 0/32       AC:  5    Str:  5    XL:     6   Next: 21%
Magic:  8/12       EV: 11    Int: 22    God:    Vehumet [......]
Gold:   161        SH:  0    Dex: 15    Spells: 0/11 levels left

rFire   . . .        c - +0 scimitar
rCold   . . .        (no shield)
rNeg    . . .        a - +1 robe
rPois   .            (no helmet)
rElec   .            (no cloak)
rCorr   .            l - +1 pair of gloves
SInv    .            (no boots)
Will    .....        (no amulet)
Stlth   ++           (no ring)
HPRegen 0.25/turn    (no ring)
MPRegen 0.13/turn

%: no passive effects
@: no status effects
A: no striking features
a: Renounce Religion


You were on level 4 of the Dungeon.
You worshipped Vehumet.
Vehumet was noncommittal.
You visited 2 branches of the dungeon, and saw 5 of its levels.

You collected 161 gold pieces.

Inventory:

Hand Weapons
 c - a +0 scimitar (weapon)
 e - a +0 short sword
Missiles
 g - 12 poisoned darts
Armour
 a - a +1 robe (worn)
 l - a +1 pair of gloves (worn)
Jewellery
 k - a ring of positive energy
Potions
 b - a potion of magic
 d - 2 potions of haste
 f - a potion of brilliance
 h - 2 potions of heal wounds {unknown}
 i - a potion of curing {unknown}
 j - a potion of resistance {unknown}
 m - a potion of enlightenment {unknown}
 n - a potion of invisibility {unknown}


   Skills:
 - Level 2.4 Dodging
 - Level 2.4 Stealth
 - Level 3.0 Spellcasting
 - Level 1.1 Conjurations
 + Level 7.7 Earth Magic


You couldn't memorise any spells.
You knew the following spells:

 Your Spells              Type           Power      Damage    Failure   Level
a - Sandblast             Erth           74%        2d16      1%          1
b - Passwall              Erth           37%        N/A       1%          3
c - Stone Arrow           Conj/Erth      44%        3d9       6%          3
d - Fulminant Prism       Conj/Alch      2%         3d5       69%         4

Your spell library contained the following spells:

 Spells                   Type           Power      Damage    Failure   Level
 Brom's Barrelling Bould  Conj/Erth      22%        2d4       21%         4
 Petrify                  Alch/Erth      20%        N/A       26%         4
 Volatile Blastmotes      Fire/Tloc      6%         2d10      36%         3
 Iskenderun's Mystic Bla  Conj/Tloc      5%         2d3       69%         4


Dungeon Overview and Level Annotations

Branches:
Dungeon (4/15)             Temple (1/1) D:4

Altars:
Cheibriados
Dithmenos
Elyvilon
Fedhas
Gozag
Hepliaklqana
Kikubaaqudgha
Makhleb
Nemelex Xobeh
Qazlal
Ru
Sif Muna
Trog
Uskayaw
Vehumet
Wu Jian
Xom
Yredelemnul
Zin

Shops:
D:2 (


Message History

You hear some strange, mumbled words.
Something tries to affect you, but you resist.
You start resting.
An orc priest is nearby!
Aiming: Sandblast (safe; 1% risk of failure)
Press: ? - help, Q - select action, (/) - cycle Shift-Dir - straight line, f - orc priest
Aim: an orc priest, wielding a +0 club and wearing a +0 leather armour (84% to hit)
The blast of sand hits the orc priest.
The orc priest is lightly wounded.
You now have 11/12 mp.
Aiming: Sandblast (safe; 1% risk of failure)
Press: ? - help, Q - select action, (/) - cycle Shift-Dir - straight line, f/p - orc priest
Aim: an orc priest, wielding a +0 club and wearing a +0 leather armour (lightly wounded, 84% to hit)
The blast of sand hits the orc priest!
The orc priest is almost dead.
Something hits you.
The orc priest mumbles some strange prayers to Beogh against you.
Beogh smites you!
You take 13 damage, and have 13/32 hp.
MASSIVE DAMAGE!!
You now have 10/12 mp.
Aiming: Sandblast (safe; 1% risk of failure)
Press: ? - help, Q - select action, (/) - cycle Shift-Dir - straight line, f/p - orc priest
Aim: an orc priest, wielding a +0 club and wearing a +0 leather armour (almost dead, 84% to hit)
The blast of sand hits the orc!
You kill the orc!
Vehumet accepts your kill.
The orc priest mumbles some strange prayers to Beogh against you.
You struggle to resist.
You hear some strange, mumbled words.
Something tries to affect you, but you resist.
Something hits you but does no damage.
You now have 9/12 mp.
Aiming: Sandblast (safe; 1% risk of failure)
Press: ? - help, Q - select action, (/) - cycle Shift-Dir - straight line, f/p - orc priest
Aim: an orc priest, wielding a +0 club and wearing a +0 leather armour (almost dead, 84% to hit)
The blast of sand hits the orc!!
You kill the orc!
Vehumet accepts your kill.
The orc priest mumbles some strange prayers to Beogh against you.
Beogh smites you!
You die...

......## .....รท.######
..........o.##
#####..o{o...###########
#....o.)...........#
#.......#..........#
#.......#..........#
#.......#..#########
.........##o)@####
..........####{...#
....####### ###..##
#...## #.>..# #....#
####.###########
#...........#
#..########.#


You could see an orc priest.

Vanquished Creatures
  A scorpion (D:4)
  A howler monkey (D:4)
  A bombardier beetle (D:2)
  Jessica (D:3)
  A sleepcap (D:4)
  An orc wizard (D:4)
  4 adders
  2 dart slugs
  A ribbon worm (D:2)
  3 orcs
  6 ball pythons
  3 bats
  5 endoplasms
  10 giant cockroaches (D:3)
  3 goblins (D:2)
  5 hobgoblins
  10 jackals
  3 quokkas (D:3)
  2 frilled lizards
  6 kobolds
  6 rats
75 creatures vanquished.

Notes
Turn   | Place    | Note
-------+----------+-------------------------------------------
     0 | D:1      | jasper the Deep Elf Earth Elementalist began the quest for
                  | the Orb.
     0 | D:1      | Reached XP level 1. HP: 10/10 MP: 6/6
   336 | D:1      | You fall into a shaft and drop 1 floor!
   385 | D:2      | Reached XP level 2. HP: 15/15 MP: 5/8
   425 | D:2      | Reached skill level 4 in Earth Magic
   495 | D:2      | Found Eriresou's Antique Weapon Emporium.
   504 | D:2      | Noticed a bombardier beetle
   507 | D:2      | Killed a bombardier beetle
   508 | D:2      | Reached XP level 3. HP: 19/19 MP: 7/9
   512 | D:2      | Learned a level 3 spell: Passwall
   516 | D:2      | Learned a level 3 spell: Stone Arrow
   548 | D:2      | Reached skill level 5 in Earth Magic
  1125 | D:3      | Reached XP level 4. HP: 24/24 MP: 8/10
  1594 | D:3      | Noticed Jessica
  1595 | D:3      | Killed Jessica
  1596 | D:3      | Reached skill level 6 in Earth Magic
  1937 | D:4      | Reached XP level 5. HP: 28/28 MP: 9/11
  1954 | D:4      | Reached skill level 7 in Earth Magic
  2327 | D:4      | Reached XP level 6. HP: 32/32 MP: 9/12
  2332 | D:4      | Learned a level 4 spell: Fulminant Prism
  2361 | D:4      | Found a staircase to the Ecumenical Temple.
  2369 | Temple   | Entered the Ecumenical Temple
  2376 | Temple   | Became a worshipper of Vehumet
  2558 | D:4      | Killed from afar by an orc priest

Illustrated notes

Levels and vault maps discovered:
D:1:      noname_arrival_rooms_in_the_neighbourhood, layout_loops_ring,
          kennysheep_minor_cross, chequers_avenue
D:2:      layout_rooms, serial_shops, shop
D:3:      minmay_roachtagon, layout_loops_ring, minmay_misc_feat_pillars,
          uniq_jessica
D:4:      layout_basic, minmay_temple_entry_butterflies
Temple:   compressed_dpeg_triangle_lava_temple

Skill      XL: |  1  2  3  4  5 |
---------------+----------------+-----
Earth Magic    | 4 5 6 7 |  7.7
Dodging        | |  2.4
Stealth        | |  2.4
Spellcasting   | |  3.0
Conjurations   | |  1.1

Action                     |  1- 3 |  4- 6 || total
---------------------------+-------+-------++-------
  Melee: Unarmed           |     1 |       ||     1
   Cast: Sandblast         |    38 |    62 ||   100
    Use: Scroll            |     3 |     2 ||     5
 Armour: Robe              |     4 |    13 ||    17
  Dodge: Dodged            |    13 |    27 ||    40

Table legend: (Time is in decaauts)
 A = Elapsed time spent in this place.
 B = Non-inter-level travel time spent in this place.
 C = Inter-level travel time spent in this place.
 D = Time resting spent in this place.
 E = Time spent auto-exploring this place.
 F = Levels seen in this place.
 G = Mean time per level.
                   A        B        C        D        E       F      G
               +--------+--------+--------+--------+--------+-----+--------+
         Total |   2606 |   2543 |     63 |      5 |   2170 |   5 |  521.2 |
       Dungeon |   2591 |   2540 |     51 |      5 |   2170 |   4 |  647.8 |
        Temple |     14 |      2 |     12 |      0 |      0 |   1 |   14.0 |
               +--------+--------+--------+--------+--------+-----+--------+

Top non-repeatable levels by time:
     D:3: 936 daAuts
     D:2: 661 daAuts
     D:4: 654 daAuts
     D:1: 338 daAuts
  Temple: 14 daAuts
